 Dungeon Crawl Stone Soup version 0.30-a0-341-g682706514a (webtiles) character file.

Game seed: 4583517429204373916

458 Lanoc the Ducker (level 7, -2/56 HPs)
             Began as a Gnoll Gladiator on Nov 3, 2022.
             Was a Believer of Trog.
             Slain by Edmund
             ... wielding a +2 vorpal flail
              (9 damage)
             ... on level 5 of the Dungeon.
             The game lasted 00:04:38 (3856 turns).

Lanoc the Ducker (Gnoll Gladiator)                  Turns: 3856, Time: 00:04:39

Health: -2/56      AC:  7    Str: 16      XL:     7   Next: 6%
Magic:  10/10      EV: 14    Int:  7      God:    Trog [**....]
Gold:   213        SH:  0    Dex: 12 (13) Spells: 10/10 levels left

rFire   . . .      SeeInvis .    a - +0 war axe
rCold   + . .      Faith    .    (no shield)
rNeg    . . .      Spirit   .    p - +2 robe {Will+}
rPois   .          Reflect  .    c - +0 helmet
rElec   .          Harm     .    r - +0 cloak
rCorr   .          Rampage  .    (no gloves)
Will    +....                    v - +0 pair of boots
Stlth   ++........               w - amulet of magic regeneration
HPRegen 0.29/turn                q - ring of protection from cold
MPRegen 0.52/turn                (no ring)

@: on berserk cooldown, slowed, invisible, very slow
A: fangs 1, strong nose, distributed training
a: Renounce Religion, Berserk, Trog's Hand


You were on level 5 of the Dungeon.
You worshipped Trog.
Trog was pleased with you.
You visited 1 branch of the dungeon, and saw 5 of its levels.

You collected 213 gold pieces.

Inventory:

Hand Weapons
 a - a +0 war axe (weapon)
Missiles
 d - 3 throwing nets
 e - a javelin (quivered)
Armour
 c - a +0 helmet (worn)
 p - a +2 robe of willpower (worn)
 r - a +0 cloak (worn)
 v - a +0 pair of boots (worn)
Jewellery
 q - a ring of protection from cold (left hand)
 w - an amulet of magic regeneration (around neck)
Wands
 b - a wand of light (2)
Scrolls
 f - 2 scrolls of fear {unknown}
 h - a scroll of magic mapping {unknown}
 j - 4 scrolls of teleportation {unknown}
 l - 2 scrolls of noise {unknown}
 n - 9 scrolls of identify {unknown}
 o - a scroll of vulnerability {unknown}
 s - a scroll of butterflies {unknown}
 u - 2 scrolls of immolation {unknown}
Potions
 g - 2 potions of resistance {unknown}
 k - 4 potions of curing {unknown}
 m - a potion of degeneration {unknown}
 t - 2 potions of haste {unknown}
 x - 2 potions of attraction {unknown}


   Skills:
 + Level 5.1 Fighting
 + Level 2.3 Short Blades
 + Level 2.3 Long Blades
 + Level 7.0 Axes
 + Level 2.3 Maces & Flails
 + Level 2.3 Polearms
 + Level 2.3 Staves
 + Level 2.3 Ranged Weapons
 + Level 5.1 Throwing
 + Level 2.3 Armour
 + Level 7.0 Dodging
 + Level 2.3 Stealth
 + Level 2.3 Shields
 + Level 2.3 Unarmed Combat
 + Level 2.3 Spellcasting
 + Level 1.9 Conjurations
 + Level 1.9 Hexes
 + Level 1.9 Summonings
 + Level 1.9 Necromancy
 + Level 1.9 Translocations
 + Level 1.9 Transmutations
 + Level 1.9 Fire Magic
 + Level 1.9 Ice Magic
 + Level 1.9 Air Magic
 + Level 1.9 Earth Magic
 + Level 1.9 Poison Magic
 + Level 2.5 Invocations
 + Level 2.3 Evocations


You had 10 spell levels left.
You didn't know any spells.
Your spell library contained the following spells:

 Spells                   Type           Power      Damage    Failure   Level
 Sandblast                Erth           6%         2d5       17%         1
 Blink                    Tloc           6%         N/A       26%         2
 Momentum Strike          Conj/Tloc      6%         3d8       26%         2
 Passwall                 Tmut/Erth      2%         N/A       26%         2
 Lesser Beckoning         Tloc           6%         N/A       45%         3
 Stone Arrow              Conj/Erth      6%         3d7       45%         3


Dungeon Overview and Level Annotations

Branches:
Dungeon (5/15)
 Temple: D:4-7

Altars:
Gozag
Trog

Shops:
D:1 [

Annotations:
D:3 1 runed translucent door, gabibbone's ghost, amateur HuFE
D:5 Edmund; Eustachio


Innate Abilities, Weirdness & Mutations

You have very sharp teeth.
Your uncanny sense of smell can sniff out nearby items.
Your experience applies equally to all skills.


Message History

Eustachio is moderately wounded.
Eustachio hits you with a +5 falchion of holy wrath.
Eustachio mumbles some strange words.
You hit Eustachio.
Eustachio is heavily wounded.
You hit something. Something hits you!
Eustachio brags, "I can call spirits from the vasty deep."
Eustachio hits you with a +5 falchion of holy wrath!
The quasit bites you.
You feel clumsy.
The quasit closely misses you. x2; Something hits you.
Eustachio hits you with a +5 falchion of holy wrath.
You are too injured to fight recklessly!
You barely miss Eustachio.
Eustachio is heavily wounded.
You closely miss something. You barely miss the quasit.
The quasit closely misses you. The quasit completely misses you. x2
Something barely misses you.
Eustachio utters an oath, "I will die for my friends!"
Eustachio gestures wildly while chanting.
Eustachio blinks!
The quasit closely misses you. The quasit completely misses you.
The quasit closely misses you. Something barely misses you.
The quasit closely misses you.
The quasit claws you but does no damage.
The quasit completely misses you. The quasit barely misses you.
The quasit closely misses you. x2
The quasit completely misses you.
The quasit claws you but does no damage. x2
Eustachio mumbles some strange words.
Eustachio blinks!
The quasit misses you.
The quasit claws you but does no damage.
The quasit misses you. Something hits you!
* * * LOW HITPOINT WARNING * * *
x2 You fade into invisibility!
The quasit misses you. x2; The quasit closely misses you. x2
The quasit completely misses you. The quasit claws you.
* * * LOW HITPOINT WARNING * * *
Something hits you!
You die...

##... #... #...
#... #..# #..#
#..# #.@# #5.##
. #...# .. #...#
... ##...##
....#..@..####..
................
................
................


You could see Eustachio (unable to see you) and a quasit (summoned, unable to
see you).

Vanquished Creatures
  A necrophage (D:4)
  A jelly (D:4)
  Jessica (D:2)
  Natasha (thrice) (D:4)
  An iguana (D:4)
  3 orc wizards
  7 adders
  A worm (D:2)
  4 dart slugs
  8 orcs
  7 ball pythons
  7 bats
  4 endoplasms
  5 giant cockroaches
  13 goblins
  12 hobgoblins
  2 kobolds (D:1)
  4 quokkas
  7 rats
91 creatures vanquished.

Vanquished Creatures (others)
  A plant (D:1)
1 creature vanquished.

Grand Total: 92 creatures vanquished

Notes
Turn   | Place    | Note
-------+----------+-------------------------------------------
     0 | D:1      | Lanoc the Gnoll Gladiator began the quest for the Orb.
     0 | D:1      | Reached XP level 1. HP: 20/20 MP: 1/1
     3 | D:1      | Found Tanecoung's Antique Armour Shoppe.
   246 | D:1      | Reached XP level 2. HP: 26/26 MP: 2/2
   449 | D:1      | Reached XP level 3. HP: 30/31 MP: 3/3
   721 | D:1      | Found a faded altar of an unknown god.
   726 | D:1      | Prayed at the altar of an unknown god.
   726 | D:1      | Became a worshipper of Trog the Wrathful
   726 | D:1      | Reached * piety under Trog
   795 | D:2      | Reached skill level 1 in Invocations
   897 | D:2      | Reached skill level 1 in Short Blades
   897 | D:2      | Reached skill level 1 in Long Blades
   897 | D:2      | Reached skill level 1 in Maces & Flails
   897 | D:2      | Reached skill level 1 in Polearms
   897 | D:2      | Reached skill level 1 in Staves
   897 | D:2      | Reached skill level 1 in Ranged Weapons
   897 | D:2      | Reached skill level 1 in Armour
   897 | D:2      | Reached skill level 1 in Stealth
   897 | D:2      | Reached skill level 1 in Shields
   897 | D:2      | Reached skill level 1 in Unarmed Combat
   897 | D:2      | Reached skill level 1 in Spellcasting
   897 | D:2      | Reached skill level 1 in Evocations
   927 | D:2      | Noticed Jessica
   939 | D:2      | Killed Jessica
   940 | D:2      | Reached skill level 1 in Conjurations
   940 | D:2      | Reached skill level 1 in Hexes
   940 | D:2      | Reached skill level 1 in Summonings
   940 | D:2      | Reached skill level 1 in Necromancy
   940 | D:2      | Reached skill level 1 in Translocations
   940 | D:2      | Reached skill level 1 in Transmutations
   940 | D:2      | Reached skill level 1 in Fire Magic
   940 | D:2      | Reached skill level 1 in Ice Magic
   940 | D:2      | Reached skill level 1 in Air Magic
   940 | D:2      | Reached skill level 1 in Earth Magic
   940 | D:2      | Reached skill level 1 in Poison Magic
   940 | D:2      | Reached XP level 4. HP: 31/38 MP: 5/5
  1312 | D:2      | Reached ** piety under Trog
  1941 | D:3      | Reached XP level 5. HP: 39/43 MP: 7/7
  2290 | D:3      | Found a runed translucent door.
  2291 | D:3      | Noticed gabibbone's ghost (amateur HuFE)
  2931 | D:4      | Reached XP level 6. HP: 37/50 MP: 8/8
  3063 | D:4      | Reached skill level 5 in Fighting
  3063 | D:4      | Reached skill level 5 in Throwing
  3198 | D:4      | Noticed Natasha
  3202 | D:4      | Killed Natasha
  3324 | D:4      | Found an opulent altar of Gozag.
  3493 | D:4      | Noticed Natasha
  3501 | D:4      | Killed Natasha
  3567 | D:4      | Reached *** piety under Trog
  3670 | D:4      | Reached XP level 7. HP: 43/56 MP: 10/10
  3816 | D:4      | Noticed Natasha
  3825 | D:4      | Killed Natasha
  3841 | D:5      | Entered Level 5 of the Dungeon
  3841 | D:5      | Noticed Eustachio
  3842 | D:5      | Noticed Edmund
  3856 | D:5      | Slain by Edmund

Illustrated notes

Levels and vault maps discovered:
D:1:      reono_arrival_forest_river, layout_loops_ring, serial_shops,
          nicolae_shop_temple_entry_statues_fountains,
          shapermc_ecumenical_altar_mp_urbaneastern
D:2:      cheibrodos_greedy_goblins, layout_loops_ring, uniq_jessica
D:3:      layout_loops_cross, serial_co_window_serial, co_window_paths_b,
          co_window_paths_a, co_window_cross_1, co_window_corner_a,
          co_window_paths_a, co_window_cross_1, co_window_paths_a,
          co_window_corner_b, co_window_2corner, co_window_of_opportunity_c,
          co_window_broadway_b, co_window_unsneaky_path_b,
          co_window_unsneaky_path_d, co_window_paths_d, glass_columns_b,
          gammafunk_ghost_grave, hangedman_decor_slide_cut,
          kennysheep_generic_room_8
D:4:      wander_river, layout_gridville,
          nicolae_gozag_cash_rules_everything_around_me, uniq_natasha
D:5:      layout_layer_cave, nicolae_wormholes, uniq_edmund, uniq_eustachio

Skill      XL: |  1  2  3  4  5  6  7 |
---------------+----------------------+-----
Invocations    | 1 2 |  2.5
Short Blades   | 1 2 |  2.3
Long Blades    | 1 2 |  2.3
Maces & Flails | 1 2 |  2.3
Polearms       | 1 2 |  2.3
Staves         | 1 2 |  2.3
Ranged Weapons | 1 2 |  2.3
Armour         | 1 2 |  2.3
Stealth        | 1 2 |  2.3
Shields        | 1 2 |  2.3
Unarmed Combat | 1 2 |  2.3
Spellcasting   | 1 2 |  2.3
Evocations     | 1 2 |  2.3
Conjurations   | 1 |  1.9
Hexes          | 1 |  1.9
Summonings     | 1 |  1.9
Necromancy     | 1 |  1.9
Translocations | 1 |  1.9
Transmutations | 1 |  1.9
Fire Magic     | 1 |  1.9
Ice Magic      | 1 |  1.9
Air Magic      | 1 |  1.9
Earth Magic    | 1 |  1.9
Poison Magic   | 1 |  1.9
Fighting       | 5 |  5.1
Throwing       | 5 |  5.1
Axes           | 7 |  7.0
Dodging        | 7 |  7.0

Action                   |  1- 3 |  4- 6 |  7- 9 || total
-------------------------+-------+-------+-------++-------
Melee: War axe           |    95 |   166 |    11 ||   272
       Bite              |     8 |    11 |     1 ||    20
       Punch             |       |     3 |       ||     3
Throw: Javelin           |     1 |       |       ||     1
Invok: Berserk           |       |     1 |     1 ||     2
  Use: Potion            |       |       |     1 ||     1
 Stab: Sleeping          |       |     1 |     1 ||     2
Armor: Leather armour    |    25 |       |       ||    25
       Robe              |       |    56 |     5 ||    61
Dodge: Dodged            |    70 |   136 |    29 ||   235

Table legend: (Time is in decaauts)
 A = Elapsed time spent in this place.
 B = Non-inter-level travel time spent in this place.
 C = Inter-level travel time spent in this place.
 D = Time resting spent in this place.
 E = Time spent auto-exploring this place.
 F = Levels seen in this place.
 G = Mean time per level.
                   A        B        C        D        E       F      G
               +--------+--------+--------+--------+--------+-----+--------+
         Total |   3912 |   3783 |    129 |      0 |   3092 |   5 |  782.4 |
       Dungeon |   3912 |   3783 |    129 |      0 |   3092 |   5 |  782.4 |
               +--------+--------+--------+--------+--------+-----+--------+

Top non-repeatable levels by time:
     D:3: 1247 daAuts
     D:4: 962 daAuts
     D:2: 881 daAuts
     D:1: 804 daAuts
     D:5: 16 daAuts
